[Event "December 19 Late 2023"]
[Site "https://www.chess.com"]
[Date "2023.12.19"]
[Round "9"]
[White "Adewumi, Tanitoluwa"]
[Black "Womacka, Mathias"]
[Result "1-0"]
[Board "48"]
[TimeControl "180+1"]
[WhiteFideId "30966396"]
[BlackFideId "4611390"]
[WhiteElo "2325"]
[BlackElo "2376"]
[WhiteTeam "USA"]
[BlackTeam "GER"]
[WhiteClock "0:00:02"]
[BlackClock "0:00:00"]

1. e4 c5 2. Nf3 d6 3. Bb5+ Nd7 4. c3 Nf6 5. Bd3 e6 6. Qe2 a6 7. a4 Be7 8. Bc2 O-O 9. d4 b6 10. O-O Bb7 11. Re1 Re8 12. Bf4 Nf8 13. Na3 Ng6 14. Bg3 Nh5 15. Rad1 Nxg3 16. hxg3 cxd4 17. Rxd4 Qc7 18. Nc4 d5 19. exd5 Bxd5 20. Ne3 Bb7 21. Red1 Rad8 22. Bb3 Bc5 23. Rxd8 Rxd8 24. Re1 Ne5 25. Bc2 Nxf3+ 26. gxf3 g6 27. Kg2 Kg7 28. Ng4 h5 29. Ne5 Qe7 30. b4 Bd6 31. Nc4 Bc7 32. Be4 Bc8 33. Rh1 Qf6 34. Qe3 b5 35. axb5 axb5 36. Na3 Bd7 37. Bd3 Qxc3 38. Rc1 Qe5 39. Bxb5 Qxe3 40. fxe3 Bxb5 41. Rxc7 Rd2+ 42. Kg1 Be2 43. b5 Bxf3 44. b6 Rb2 45. Nc4 Rb4 46. Ne5 Bd5 47. Rxf7+ Kg8 48. Rd7 Rxb6 49. Nxg6 Rb3 50. Kf2 Rb2+ 51. Kf1 Rb3 52. Ne7+ Kf8 53. Nxd5 exd5 54. Kf2 Rd3 55. Ke2 Ra3 56. Rxd5 Kf7 57. Rxh5 Kg6 58. Rd5 Kf6 59. Kf3 Ra1 60. Ke4 Ra4+ 61. Kf3 Ra2 62. g4 Kg6 63. Rd6+ Kg5 64. Rd5+ Kg6 65. Kg3 Re2 66. Kf3 Re1 67. e4 Rf1+ 68. Kg3 Re1 69. Kf4 Kf6 70. Rd6+ Ke7 71. Ra6 Kf7 72. Kf5 Rf1+ 73. Ke5 Rg1 74. Rf6+ Kg7 75. Rf4 Kg6 76. Ke6 Ra1 77. Rf6+ 1-0

[Event "December 19 Late 2023"]
[Site "https://www.chess.com"]
[Date "2023.12.19"]
[Round "9"]
[White "Khlebovich, Alexander"]
[Black "Rodgers, Jack"]
[Result "1-0"]
[Board "49"]
[TimeControl "180+1"]
[WhiteFideId "4169123"]
[BlackFideId "3220885"]
[WhiteElo "2334"]
[BlackElo "2107"]
[WhiteTeam "RUS"]
[BlackTeam "AUS"]
[WhiteClock "0:00:48"]
[BlackClock "0:00:08"]

1. d4 Nf6 2. c4 c5 3. d5 e5 4. Nc3 d6 5. g3 h5 6. Bg2 h4 7. Bg5 h3 8. Be4 Be7 9. Bc2 Ng4 10. Bxe7 Qxe7 11. Nf3 f5 12. Qd2 e4 13. Nh4 Rxh4 14. gxh4 e3 15. fxe3 Qxh4+ 16. Kd1 Nf2+ 17. Kc1 Nxh1 18. b3 Nf2 19. Kb2 Ng4 20. e4 g6 21. exf5 Bxf5 22. e4 Bd7 23. e5 dxe5 24. Bxg6+ Kd8 25. Ne4 Na6 26. Rf1 Qh8 27. d6 Nb4 28. Qg5+ Kc8 29. Bf5 Nh6 30. Bxd7+ Kxd7 31. Qe7+ Kc6 32. Qc7# 1-0

[Event "December 19 Late 2023"]
[Site "https://www.chess.com"]
[Date "2023.12.19"]
[Round "9"]
[White "Hasanagic, Anel"]
[Black "Tanenbaum, Zachary"]
[Result "0-1"]
[Board "50"]
[TimeControl "180+1"]
[WhiteFideId "14605791"]
[BlackFideId "2060850"]
[WhiteElo "2209"]
[BlackElo "2256"]
[WhiteTeam "SLO"]
[BlackTeam "USA"]
[WhiteClock "0:00:02"]
[BlackClock "0:00:34"]

1. Nf3 d5 2. b3 Bg4 3. Bb2 Nd7 4. h3 Bxf3 5. gxf3 e5 6. e3 Bd6 7. c4 Ngf6 8. Nc3 d4 9. exd4 exd4 10. Qe2+ Ne5 11. f4 O-O 12. fxe5 Bxe5 13. Ne4 d3 14. Nxf6+ Bxf6 15. Qxd3 Qe8+ 16. Kd1 Bxb2 17. Rb1 Rd8 18. Qf3 Bc3 19. Qxc3 Qe4 20. Kc1 Qxh1 21. Kc2 Qg1 22. Bd3 Qxf2 23. Rf1 Qd4 24. Qxd4 Rxd4 25. Kc3 Rfd8 26. Rf3 Rxd3+ 27. Rxd3 Rxd3+ 28. Kxd3 f5 29. Kd4 Kf7 30. Ke5 Kg6 31. d4 Kg5 32. d5 f4 33. Ke4 Kf6 34. Kxf4 g5+ 35. Ke4 h5 36. a3 a6 37. b4 b5 38. c5 g4 39. hxg4 hxg4 40. Kf4 g3 41. Kxg3 Ke5 42. d6 cxd6 43. cxd6 Kxd6 44. Kf4 Kd5 45. Ke3 Kc4 0-1

[Event "December 19 Late 2023"]
[Site "https://www.chess.com"]
[Date "2023.12.19"]
[Round "9"]
[White "Antunez Soler, Luis"]
[Black "Mkrtchyan, Mikayel"]
[Result "1-0"]
[Board "51"]
[TimeControl "180+1"]
[WhiteFideId "3513335"]
[BlackFideId "13305743"]
[WhiteElo "2154"]
[BlackElo "2033"]
[WhiteTeam "CUB"]
[BlackTeam "ARM"]
[WhiteClock "0:01:25"]
[BlackClock "0:00:02"]

1. e4 d6 2. d4 Nf6 3. Nc3 g6 4. f3 Bg7 5. Be3 O-O 6. Qd2 a6 7. O-O-O b5 8. Bh6 Nbd7 9. h4 c5 10. Bxg7 Kxg7 11. h5 cxd4 12. Qxd4 Qb6 13. Qd2 Bb7 14. hxg6 fxg6 15. Qh6+ Kg8 16. Nh3 b4 17. Bc4+ d5 18. Nxd5 Bxd5 19. Rxd5 e6 20. Rxd7 Nxd7 21. Ng5 Rf7 22. Nxf7 Kxf7 23. Qxh7+ Ke8 24. Qxg6+ Ke7 25. Qg7+ Kd8 26. Rd1 Ra7 27. Qg8+ Ke7 28. Qg7+ Kd8 29. Bb3 a5 30. Ba4 Kc8 31. Qg8+ Kb7 32. Rxd7+ Ka6 33. Qc8+ Rb7 34. Qxb7+ Qxb7 35. Rxb7 Kxb7 36. e5 1-0

[Event "December 19 Late 2023"]
[Site "https://www.chess.com"]
[Date "2023.12.19"]
[Round "9"]
[White "Chylewski, Patryk"]
[Black "Deng, Henry"]
[Result "1-0"]
[Board "52"]
[TimeControl "180+1"]
[WhiteFideId "1186191"]
[BlackFideId "30965454"]
[WhiteElo "2176"]
[BlackElo "2586"]
[WhiteTeam "POL"]
[BlackTeam "USA"]
[WhiteClock "0:00:22"]
[BlackClock "0:01:44"]

1. Nf3 d5 2. c4 c6 3. e3 Nf6 4. b3 Bg4 5. Be2 e6 6. Bb2 Nbd7 7. Nc3 Bd6 8. h3 Bh5 9. O-O O-O 10. d4 h6 11. Nd2 Bxe2 12. Qxe2 e5 13. dxe5 Bxe5 14. Nf3 dxc4 15. Qxc4 Bc7 16. Rfd1 Qe7 17. Qh4 Rfe8 18. Ne2 Rad8 19. Ng3 Kh7 20. Nf5 Qe4 21. Ng5+ Kg6 22. Nxe4 Rxe4 23. f4 Kxf5 24. Rd3 Rde8 25. Rxd7 Nxd7 26. Qg4# 1-0

[Event "December 19 Late 2023"]
[Site "https://www.chess.com"]
[Date "2023.12.19"]
[Round "9"]
[White "Kotlyar, Kirill"]
[Black "Cobysters"]
[Result "1/2-1/2"]
[Board "53"]
[TimeControl "180+1"]
[WhiteFideId "24145599"]
[WhiteElo "2397"]
[BlackElo "2580"]
[WhiteTeam "RUS"]
[WhiteClock "0:00:21"]
[BlackClock "0:00:15"]

1. e4 c5 2. Nf3 Nc6 3. d4 cxd4 4. Nxd4 Nf6 5. Nc3 d6 6. f3 e5 7. Ndb5 Be6 8. Bg5 a6 9. Na3 b5 10. Nd5 Be7 11. Bxf6 Bxf6 12. c3 Bg5 13. Nc2 O-O 14. a4 Rb8 15. axb5 axb5 16. b4 f5 17. Bd3 Ne7 18. Nxe7+ Qxe7 19. exf5 Bxf5 20. O-O Be6 21. Na3 Bd7 22. Qe2 Rfc8 23. Nxb5 Bxb5 24. Bxb5 Rxc3 25. Bc4+ Kh8 26. b5 Qc7 27. Ra4 h6 28. Kh1 Re3 29. Qa2 Qc5 30. Ra6 Rc3 31. Rc6 Qd4 32. b6 d5 33. Bxd5 Rxc6 34. Bxc6 Qxb6 35. Be4 Rd8 36. Qf7 Qf2 37. Ra1 Qe2 38. Qb3 Rd2 39. Qb8+ Bd8 40. Rg1 Rd1 41. Qa7 Rxg1+ 42. Qxg1 Qd2 43. Qf1 h5 44. g3 h4 45. Qd3 Qxd3 46. Bxd3 g5 47. Kg2 Kg7 48. Kh3 hxg3 49. hxg3 Kf6 50. Kg4 Bc7 51. Be4 Bd6 52. Bd5 Bc5 53. Be4 Bf2 54. Bd5 Be3 55. Be4 Ke7 56. Ba8 Kd6 57. Be4 Kc5 58. Kf5 Kd4 59. g4 Bf4 60. Ke6 Ke3 61. Kd7 Kf2 62. Kc8 Kg3 63. Kb7 1/2-1/2

[Event "December 19 Late 2023"]
[Site "https://www.chess.com"]
[Date "2023.12.19"]
[Round "9"]
[White "Lin, Bryan Enming"]
[Black "Novak, Ratko"]
[Result "0-1"]
[Board "54"]
[TimeControl "180+1"]
[WhiteFideId "30987121"]
[BlackFideId "14511827"]
[WhiteElo "2566"]
[BlackElo "2036"]
[WhiteTeam "USA"]
[BlackTeam "CRO"]
[WhiteClock "0:00:00"]
[BlackClock "0:00:18"]

1. e4 d5 2. exd5 c6 3. Nf3 cxd5 4. Ne5 Nc6 5. d4 Nf6 6. Bb5 Bd7 7. Nxd7 Qxd7 8. c3 a6 9. Bd3 e5 10. dxe5 Nxe5 11. O-O Be7 12. Re1 Nxd3 13. Qxd3 O-O 14. Nd2 Rad8 15. Nf3 Bc5 16. Be3 Bxe3 17. Rxe3 Rfe8 18. Rae1 Rxe3 19. Rxe3 h6 20. h3 Re8 21. Ne5 Qa4 22. a3 Qb3 23. Qe2 Rd8 24. Qd2 Re8 25. c4 Qa2 26. Qc2 dxc4 27. Qd2 Qb1+ 28. Kh2 b5 29. Qd6 Qxb2 30. Nd7 Rxe3 31. Qb8+ Ne8 32. fxe3 Qxa3 33. Qxe8+ Kh7 34. Nf8+ Kg8 35. Ne6+ Kh7 36. Qxf7 Qd6+ 37. Nf4 c3 38. Qf5+ Kg8 39. Qc8+ Kh7 40. Qf5+ Kg8 41. Qc8+ Kh7 42. Qxc3 g5 43. Qc2+ Kg8 44. Qa2+ Kh7 45. Qc2+ Kg8 46. Qb3+ Kg7 47. Qc3+ Kg8 48. Qb3+ Kg7 49. Qb2+ Kg8 50. Qa2+ Kg7 51. Qa1+ Kg8 0-1

[Event "December 19 Late 2023"]
[Site "https://www.chess.com"]
[Date "2023.12.19"]
[Round "9"]
[White "Sadovsky, Artem"]
[Black "Rose, Felix"]
[Result "1-0"]
[Board "55"]
[TimeControl "180+1"]
[WhiteFideId "4155840"]
[BlackFideId "5105722"]
[WhiteElo "2314"]
[BlackElo "2039"]
[WhiteTeam "FID"]
[BlackTeam "MEX"]
[WhiteClock "0:00:12"]
[BlackClock "0:00:00"]

1. Nf3 Nf6 2. e3 d5 3. b3 e6 4. Bb2 Be7 5. Be2 O-O 6. O-O b6 7. c4 c5 8. cxd5 Nxd5 9. d4 cxd4 10. Nxd4 Bb7 11. Nd2 Nc6 12. Nxc6 Bxc6 13. Nc4 Bf6 14. Ne5 Bb7 15. Bf3 Qd6 16. Nc4 Qe7 17. Bxf6 Qxf6 18. Nd6 Ba6 19. Re1 Rad8 20. Ne4 Qb2 21. Qc1 Qxc1 22. Rexc1 Rd7 23. a4 Rfd8 24. a5 Nb4 25. axb6 axb6 26. Ra4 Nd3 27. Rca1 Bb5 28. Ra8 Ne5 29. Bh5 Bc6 30. Rxd8+ Rxd8 31. Ng3 g6 32. Be2 Ra8 33. Rc1 Ra2 34. f4 Nd3 35. Rxc6 Ra1+ 36. Bf1 b5 37. Ne4 Kg7 38. Rc7 Nb4 39. Ng5 Nd5 40. Rxf7+ Kg8 41. Kf2 h6 42. Rb7 hxg5 43. Bxb5 gxf4 44. exf4 Nxf4 45. Bc4 Ra2+ 46. Kf3 Nxg2 47. Bxe6+ Kh8 48. Kg4 Ne3+ 49. Kg5 Rg2+ 50. Kf6 Rxh2 51. Kxg6 Rg2+ 52. Kf6 Ng4+ 53. Ke7 Kg7 54. Rb8 1-0

[Event "December 19 Late 2023"]
[Site "https://www.chess.com"]
[Date "2023.12.19"]
[Round "9"]
[White "Azali, Tannaz"]
[Black "Bardyk, Artem"]
[Result "0-1"]
[Board "58"]
[TimeControl "180+1"]
[WhiteFideId "12537721"]
[BlackFideId "34349979"]
[WhiteElo "1828"]
[BlackElo "2300"]
[WhiteTeam "IRI"]
[BlackTeam "RUS"]
[WhiteClock "0:01:00"]
[BlackClock "0:01:30"]

1. e4 e5 2. Nf3 Nc6 3. Bc4 Bc5 4. c3 Nf6 5. d4 exd4 6. cxd4 Bb4+ 7. Bd2 Bxd2+ 8. Nbxd2 d5 9. exd5 Nxd5 10. Qb3 Na5 11. Qa4+ Nc6 12. Qb3 Nce7 13. O-O O-O 14. Ne4 c6 15. Nc5 Qb6 16. Bxd5 Nxd5 17. Qd3 Re8 18. Ng5 Nf6 19. Rfe1 Bg4 20. h3 Bh5 21. b3 h6 22. Nge4 Nxe4 23. Rxe4 Bg6 24. Rxe8+ Rxe8 25. Qf3 Qb4 26. Rd1 b6 27. Nd7 Bc2 28. Ra1 Qxd4 29. Rc1 Qd2 30. Rxc2 Qxc2 31. Qg4 Re1+ 32. Kh2 Qd1 33. Nf6+ Kf8 34. Qc8+ Ke7 35. Ng8+ Kd6 36. Qf8+ Kc7 37. Qxf7+ Qd7 38. Qf3 Re8 39. Qg3+ Qd6 0-1

[Event "December 19 Late 2023"]
[Site "https://www.chess.com"]
[Date "2023.12.19"]
[Round "9"]
[White "Dubessay, Bastien"]
[Black "Guerra Tulcan, Lenin"]
[Result "0-1"]
[Board "59"]
[TimeControl "180+1"]
[WhiteFideId "650048"]
[BlackFideId "3601382"]
[WhiteElo "2279"]
[BlackElo "2368"]
[WhiteTeam "FRA"]
[BlackTeam "ECU"]
[WhiteClock "0:00:08"]
[BlackClock "0:00:17"]

1. e4 c5 2. Nc3 Nc6 3. Bb5 Nd4 4. Bc4 e6 5. Nge2 Nf6 6. O-O Be7 7. e5 Ng8 8. Nxd4 cxd4 9. Nb5 a6 10. Nxd4 Qc7 11. Qe2 h5 12. Nf3 h4 13. h3 g5 14. d4 g4 15. hxg4 h3 16. gxh3 Rxh3 17. Kg2 Rh7 18. Bd3 Rg7 19. Nh2 b5 20. Be4 Bb7 21. Bxb7 Qxb7+ 22. f3 f5 23. exf6 Nxf6 24. Kg1 O-O-O 25. Bf4 Rh8 26. c4 b4 27. d5 Bc5+ 28. Kg2 exd5 29. Be5 Rg6 30. Bxf6 Rxf6 31. cxd5 Rfh6 32. Rh1 Bd6 33. Rac1+ Kb8 34. Kg1 Rxh2 35. Rxh2 Bxh2+ 36. Kg2 Bd6 37. Qe3 Rh2+ 38. Kg1 Rh8 39. Qd4 Rc8 40. Rxc8+ Kxc8 41. Kg2 Kc7 42. b3 Qb5 43. Qxb4 Qxb4 0-1

[Event "December 19 Late 2023"]
[Site "https://www.chess.com"]
[Date "2023.12.19"]
[Round "9"]
[White "Annaberdiyev, Meylis"]
[Black "Crasyhealer"]
[Result "1-0"]
[Board "60"]
[TimeControl "180+1"]
[WhiteFideId "14000563"]
[WhiteElo "2405"]
[BlackElo "2469"]
[WhiteTeam "TKM"]
[WhiteClock "0:00:12"]
[BlackClock "0:00:08"]

1. e4 e5 2. Nf3 Nc6 3. Bc4 Bc5 4. O-O Nf6 5. d3 O-O 6. Bg5 h6 7. Bh4 d6 8. c3 g5 9. Bg3 Bb6 10. b4 Ne7 11. Nbd2 Ng6 12. Kh1 Be6 13. Bxe6 fxe6 14. a4 a5 15. b5 Nf4 16. Nc4 Ba7 17. Ra2 Bc5 18. d4 exd4 19. cxd4 Bb4 20. Qb1 Qe8 21. Bxf4 gxf4 22. e5 Nd5 23. Qd3 Nc3 24. Rc2 Nxa4 25. exd6 cxd6 26. g3 Qh5 27. gxf4 Rxf4 28. Rg1+ Kh8 29. Rg3 Raf8 30. Kg2 Rg8 31. Qe3 Qf5 32. Re2 Rxg3+ 33. hxg3 Rg4 34. Qxe6 Qxe6 35. Rxe6 Nc3 36. Rxh6+ Kg7 37. Re6 Nxb5 38. Re7+ Kf6 39. Rxb7 Nxd4 40. Ne3 Re4 41. Nd5+ Ke6 42. Nf4+ Kf6 43. Nd5+ Kg6 44. Nh4+ Kh6 45. Nxb4 axb4 46. Rxb4 Kh7 47. Nf3 Nxf3 48. Rxe4 Ne5 49. Rxe5 dxe5 50. Kf3 Kg6 51. Ke4 Kf6 52. g4 Kg5 53. f3 Kf6 54. Kd5 e4 55. Kxe4 Kg5 56. Ke5 Kg6 57. f4 1-0

[Event "December 19 Late 2023"]
[Site "https://www.chess.com"]
[Date "2023.12.19"]
[Round "9"]
[White "Krzywda, Andrzej"]
[Black "Janaszak, Dawid"]
[Result "0-1"]
[Board "61"]
[TimeControl "180+1"]
[WhiteFideId "1114565"]
[BlackFideId "1119206"]
[WhiteElo "2130"]
[BlackElo "2218"]
[WhiteTeam "POL"]
[BlackTeam "POL"]
[WhiteClock "0:00:03"]
[BlackClock "0:00:03"]

1. e4 c5 2. Nf3 Nc6 3. d4 cxd4 4. Nxd4 e5 5. Nb5 d6 6. N1c3 a6 7. Na3 Be6 8. Nc4 Rc8 9. Ne3 Nf6 10. Bd3 Be7 11. O-O O-O 12. a3 b5 13. Re1 Nd4 14. Ncd5 Re8 15. c3 Nc6 16. Bc2 Bf8 17. Nxf6+ Qxf6 18. Nd5 Qg6 19. a4 Kh8 20. axb5 axb5 21. b4 Nb8 22. Bd2 Nd7 23. Ra5 Bxd5 24. exd5 e4 25. Rxb5 f5 26. Bf4 Rxc3 27. Rb7 Nf6 28. Ba4 Rec8 29. Bc6 Nh5 30. Qd2 Rd3 31. Qc1 h6 32. b5 Qg4 33. g3 Qh3 34. b6 Nf6 35. Bxh6 Ng4 36. Be3 Qxh2+ 37. Kf1 Rxe3 38. Qxe3 Nxe3+ 39. Rxe3 Ra8 40. Ra7 Rb8 41. b7 Qh1+ 42. Ke2 Qh5+ 43. Ke1 Qh1+ 44. Kd2 f4 45. Rea3 e3+ 46. fxe3 fxe3+ 47. Kxe3 Qg1+ 48. Kd2 Be7 49. Ra8 Bg5+ 50. Kc2 Qc1+ 51. Kb3 Qb1+ 52. Kc4 Qc2+ 53. Kb4 Bd2+ 54. Kb5 Qc5+ 55. Ka4 Qb4# 0-1

[Event "December 19 Late 2023"]
[Site "https://www.chess.com"]
[Date "2023.12.19"]
[Round "9"]
[White "Sivakumar, Shaashwath"]
[Black "Zavgorodniy, Sergiy"]
[Result "1-0"]
[Board "62"]
[TimeControl "180+1"]
[WhiteFideId "30912156"]
[BlackFideId "14110148"]
[WhiteElo "2137"]
[BlackElo "2402"]
[WhiteTeam "USA"]
[BlackTeam "UKR"]
[WhiteClock "0:00:09"]
[BlackClock "0:00:37"]

1. d4 d5 2. c4 dxc4 3. Nf3 Nf6 4. e3 e6 5. Bxc4 a6 6. O-O b5 7. Bb3 Bb7 8. Qe2 Nbd7 9. a4 b4 10. Nbd2 c5 11. e4 cxd4 12. e5 Nd5 13. Ne4 Be7 14. h4 O-O 15. Bg5 a5 16. Nd6 Ba6 17. Bc4 Bxc4 18. Nxc4 Nc5 19. Bxe7 Qxe7 20. Nxd4 Qxh4 21. Rad1 Nxa4 22. g3 Qh3 23. Qe4 Nc5 24. Qf3 a4 25. Nd6 a3 26. bxa3 Rxa3 27. Qe2 Nc3 28. Qc4 Nxd1 29. Rxd1 Na6 30. Nc6 b3 31. Ne7+ Kh8 32. Nxf7+ Rxf7 33. Rd8+ Rf8 34. Rxf8# 1-0

[Event "December 19 Late 2023"]
[Site "https://www.chess.com"]
[Date "2023.12.19"]
[Round "9"]
[White "Vlassov, Nikolai"]
[Black "Melikhov, Evgeny V."]
[Result "1-0"]
[Board "63"]
[TimeControl "180+1"]
[WhiteFideId "4103360"]
[BlackFideId "4122046"]
[WhiteElo "2351"]
[BlackElo "2165"]
[WhiteTeam "FID"]
[BlackTeam "GRE"]
[WhiteClock "0:00:02"]
[BlackClock "0:00:00"]

1. e4 e5 2. Bc4 Nf6 3. d3 Nc6 4. Nf3 Be7 5. O-O O-O 6. Re1 d6 7. a4 a5 8. c3 Be6 9. Nbd2 Bxc4 10. Nxc4 Re8 11. Qb3 b6 12. d4 exd4 13. cxd4 d5 14. Nce5 Nxe5 15. Nxe5 Bb4 16. Nc6 Qd6 17. Nxb4 Qxb4 18. Qxb4 axb4 19. e5 Nd7 20. Bf4 c5 21. Red1 c4 22. Bd2 b3 23. f4 f5 24. Bb4 Nf8 25. Kf2 Ne6 26. Ke3 Ra7 27. g4 g6 28. gxf5 gxf5 29. Rg1+ Kf7 30. Rg3 Rg8 31. Rh3 Ke8 32. a5 bxa5 33. Rxa5 Rxa5 34. Bxa5 Rg7 35. Rh5 Rf7 36. h4 Kf8 37. Bb4+ Kg7 38. Rg5+ Nxg5 39. fxg5 Rb7 40. Bc3 h6 41. Kf4 hxg5+ 42. Kxg5 Rf7 43. e6 Rf6 44. e7 Re6 45. Bb4 Kf7 46. Kxf5 Re2 47. Bc3 Kxe7 48. h5 Rh2 49. Kg6 Ke6 50. h6 Rg2+ 51. Kh7 Kf7 52. Kh8 Rg6 53. Kh7 Rc6 54. Kh8 Rc8+ 55. Kh7 Rc7 56. Ba5 c3 57. Bxc7 cxb2 58. Be5 b1=Q+ 59. Kh8 Qg6 60. h7 1-0

[Event "December 19 Late 2023"]
[Site "https://www.chess.com"]
[Date "2023.12.19"]
[Round "9"]
[White "Chaika, Vitalii"]
[Black "Blanco Diez, David"]
[Result "0-1"]
[Board "64"]
[TimeControl "180+1"]
[WhiteFideId "14111802"]
[BlackFideId "32032927"]
[WhiteElo "2010"]
[BlackElo "2170"]
[WhiteTeam "UKR"]
[BlackTeam "ESP"]
[WhiteClock "0:00:00"]
[BlackClock "0:00:04"]

1. d4 Nf6 2. Bf4 e6 3. e3 h6 4. h3 d5 5. Nd2 Bd6 6. Ngf3 O-O 7. Bd3 c5 8. c3 b6 9. Ne5 Qc7 10. Qf3 Nfd7 11. Qg3 Bxe5 12. dxe5 Kh8 13. Nf3 Ba6 14. Bc2 Nc6 15. Qh4 Ndxe5 16. Nxe5 Nxe5 17. Bxh6 Kg8 18. Bf4 f6 19. Qh7+ Kf7 20. Bg6+ Ke7 21. Qxg7+ Kd6 22. Qxc7+ Kxc7 23. O-O-O Kc6 24. e4 Nxg6 25. exd5+ exd5 26. Bg3 Rae8 27. Rhe1 Rxe1 28. Rxe1 Rf7 29. h4 Re7 30. Rxe7 Nxe7 31. h5 Bd3 32. h6 Bh7 33. Kd2 Nf5 34. Bf4 Kd7 35. g4 Nd6 36. Bg3 Ne4+ 37. Ke3 Nxg3 38. fxg3 Ke6 39. Kf4 d4 40. cxd4 cxd4 41. Kf3 Ke5 42. b3 Be4+ 43. Ke2 a5 44. a3 Bh7 45. b4 axb4 46. axb4 Kd5 47. Kd2 Kc4 48. Ke2 Kxb4 49. Kf3 Kc3 50. Kf4 d3 51. g5 fxg5+ 52. Kxg5 d2 53. Kf6 d1=Q 54. Kg7 Qd7+ 55. Kf8 Bg6 0-1

[Event "December 19 Late 2023"]
[Site "https://www.chess.com"]
[Date "2023.12.19"]
[Round "9"]
[White "Hajiyev, Kanan"]
[Black "Gurevich, Dmitry"]
[Result "1-0"]
[Board "65"]
[TimeControl "180+1"]
[WhiteFideId "13404148"]
[BlackFideId "2000407"]
[WhiteElo "2102"]
[BlackElo "2506"]
[WhiteTeam "AZE"]
[BlackTeam "USA"]
[WhiteClock "0:00:17"]
[BlackClock "0:00:00"]

1. d4 Nf6 2. Nf3 e6 3. e3 c5 4. Be2 b6 5. O-O Bb7 6. b3 cxd4 7. Nxd4 Be7 8. c4 O-O 9. Bb2 d6 10. Bf3 Qc8 11. Bxb7 Qxb7 12. Qf3 Qxf3 13. gxf3 Rc8 14. Nc3 a6 15. Rfd1 Nbd7 16. Ne4 Nxe4 17. fxe4 Rab8 18. Rac1 Nc5 19. f3 Kf8 20. Kf2 Ke8 21. Ke2 b5 22. cxb5 axb5 23. b4 Na4 24. Ba1 Rc4 25. Rxc4 bxc4 26. a3 Rc8 27. Nb5 Rc6 28. Bxg7 c3 29. Rc1 e5 30. Kd3 Nb2+ 31. Kc2 Nc4 32. Bh6 d5 33. Bg7 Rg6 34. Bh8 Rg8 35. Kxc3 Rxh8 36. exd5 Nxe3 37. a4 Nxd5+ 38. Kc4 Nb6+ 39. Kb3 Kd7 40. Rc7+ Kd8 41. Rb7 Nd7 42. a5 Rg8 43. a6 Kc8 44. Rc7+ Kd8 45. a7 Nb6 46. Rb7 1-0

[Event "December 19 Late 2023"]
[Site "https://www.chess.com"]
[Date "2023.12.19"]
[Round "9"]
[White "Ambartsumova, Karina"]
[Black "Grapsa, Georgia"]
[Result "1-0"]
[Board "66"]
[TimeControl "180+1"]
[WhiteFideId "4166299"]
[BlackFideId "4206436"]
[WhiteElo "2240"]
[BlackElo "1794"]
[WhiteTeam "RUS"]
[BlackTeam "GRE"]
[WhiteClock "0:00:10"]
[BlackClock "0:00:00"]

1. d4 d5 2. c4 e6 3. Nc3 Nf6 4. cxd5 exd5 5. Bg5 c6 6. e3 Be7 7. Bd3 Bg4 8. Qb3 Qb6 9. Qc2 Bh5 10. Nf3 Bg6 11. Bxg6 hxg6 12. h4 Nbd7 13. g3 Qa5 14. a3 Bb4 15. Nd2 Bxc3 16. bxc3 O-O 17. O-O Rfe8 18. c4 Ne4 19. Nxe4 Rxe4 20. c5 Nf8 21. Bf4 Ne6 22. Bd6 Qd8 23. Rab1 Qd7 24. Kg2 Re8 25. Rb3 Nd8 26. Bf4 Ne6 27. Bd6 Nd8 28. Qd2 b5 29. a4 a6 30. axb5 axb5 31. Ra3 Ne6 32. Rfa1 g5 33. f3 gxh4 34. fxe4 Ng5 35. Rh1 Nxe4 36. Qe2 hxg3 37. Qh5 f6 38. Qh7+ Kf7 39. Qh5+ Kg8 40. Raa1 Rc8 41. Qh7+ Kf7 42. Rh6 Ng5 43. Qg6+ Kg8 44. Rah1 1-0

[Event "December 19 Late 2023"]
[Site "https://www.chess.com"]
[Date "2023.12.19"]
[Round "9"]
[White "Asish Panda"]
[Black "Akhayan, Ruben"]
[Result "1/2-1/2"]
[Board "67"]
[TimeControl "180+1"]
[WhiteFideId "45012458"]
[BlackFideId "204439"]
[WhiteElo "1767"]
[BlackElo "2141"]
[WhiteTeam "IND"]
[BlackTeam "BEL"]
[WhiteClock "0:00:06"]
[BlackClock "0:00:09"]

1. e4 a6 2. d4 e6 3. Nf3 d5 4. Nc3 Nf6 5. e5 Nfd7 6. Bd3 c5 7. dxc5 Nc6 8. Bf4 Nxc5 9. Qe2 Be7 10. h4 b5 11. a3 Bb7 12. h5 O-O 13. Rh3 f6 14. Rg3 fxe5 15. Bxe5 Bf6 16. Kf1 Nxd3 17. cxd3 Qb6 18. h6 Nxe5 19. hxg7 Rf7 20. Nxe5 Bxe5 21. Rg5 Bxg7 22. f3 Raf8 23. Re1 d4 24. Ne4 Bxe4 25. Qxe4 e5 26. Qxe5 Qf6 27. Qg3 Kh8 28. Re4 Bh6 29. Rh5 Be3 30. Reh4 Rg8 31. Qh3 Qg6 32. Re4 Rfg7 33. g4 Rf8 34. Kg2 Rgf7 35. b3 Rxf3 36. Qxf3 Rxf3 37. Kxf3 h6 38. Rf5 Qc6 39. a4 bxa4 40. bxa4 Kg7 41. Kg3 Qc7+ 42. Kh3 Qc1 43. Re7+ Kg6 44. Re6+ Kg7 45. Re7+ Kg6 46. Re6+ Kg7 47. Re7+ 1/2-1/2

[Event "December 19 Late 2023"]
[Site "https://www.chess.com"]
[Date "2023.12.19"]
[Round "9"]
[White "Korchynskyi, Mykola"]
[Black "Buchenau, Frank"]
[Result "0-1"]
[Board "68"]
[TimeControl "180+1"]
[WhiteFideId "34138005"]
[BlackFideId "4604350"]
[WhiteElo "2007"]
[BlackElo "2157"]
[WhiteTeam "UKR"]
[BlackTeam "GER"]
[WhiteClock "0:01:51"]
[BlackClock "0:02:11"]

1. d4 e6 2. c4 Nf6 3. Nc3 Bb4 4. Qc2 c5 5. dxc5 O-O 6. Nf3 Na6 7. a3 Bxc3+ 8. Qxc3 Nxc5 9. e3 b6 10. Be2 Ba6 11. O-O Rc8 12. b4 Nce4 13. Qd4 d6 14. b5 Bb7 15. Bb2 e5 16. Qd1 Qe7 17. Rc1 Rfd8 18. Ne1 d5 19. cxd5 Rxd5 20. Rxc8+ Bxc8 21. Qb3 Nd2 22. Qc2 Qc5 23. Qb1 Nxb1 0-1

[Event "December 19 Late 2023"]
[Site "https://www.chess.com"]
[Date "2023.12.19"]
[Round "9"]
[White "Ferreira, Vitor Hugo Vieira"]
[Black "Azar, Sebastien"]
[Result "0-1"]
[Board "69"]
[TimeControl "180+1"]
[WhiteFideId "2119765"]
[BlackFideId "2640198"]
[WhiteElo "2123"]
[BlackElo "2393"]
[WhiteTeam "BRA"]
[BlackTeam "CAN"]
[WhiteClock "0:00:05"]
[BlackClock "0:00:09"]

1. c4 c6 2. g3 d5 3. Nf3 Nf6 4. Bg2 dxc4 5. Qc2 Qd5 6. Nc3 Qc5 7. O-O Bf5 8. e4 Bg6 9. b3 Nbd7 10. bxc4 Qxc4 11. d3 Qa6 12. d4 e6 13. Re1 Bb4 14. Bf1 Qa5 15. Bd2 O-O 16. a3 Bxc3 17. Bxc3 Qc7 18. Nh4 e5 19. dxe5 Nxe5 20. f4 Neg4 21. Rab1 Qe7 22. Bb4 Qd8 23. Bxf8 Qd4+ 24. Kg2 Nd5 25. Rb3 Nge3+ 26. Rbxe3 Nxe3+ 27. Rxe3 Qxe3 28. Nxg6 hxg6 29. Bc5 Qe1 30. Bf2 Qa5 31. Qb3 b6 32. Bc4 Rf8 33. Bd4 Qd2+ 34. Kh3 Qxd4 35. e5 Qe4 36. e6 Qf5+ 37. g4 Qxf4 38. exf7+ Kh8 39. Qb4 Rxf7 40. Bxf7 Qf3+ 41. Kh4 g5+ 42. Kxg5 Qf6+ 43. Kh5 Qh6# 0-1

[Event "December 19 Late 2023"]
[Site "https://www.chess.com"]
[Date "2023.12.19"]
[Round "9"]
[White "Vafin, Ayrat"]
[Black "Smith, Garrett L"]
[Result "1-0"]
[Board "70"]
[TimeControl "180+1"]
[WhiteFideId "4146530"]
[BlackFideId "2024829"]
[WhiteElo "2317"]
[BlackElo "2384"]
[WhiteTeam "RUS"]
[BlackTeam "USA"]
[WhiteClock "0:00:05"]
[BlackClock "0:00:08"]

1. Nf3 c5 2. g3 Nc6 3. d4 cxd4 4. Nxd4 e5 5. Nxc6 bxc6 6. Bg2 Nf6 7. c4 Bb4+ 8. Bd2 Rb8 9. O-O O-O 10. Nc3 Qc7 11. a3 Be7 12. b4 d6 13. Rc1 Be6 14. Qb3 Rfd8 15. Bg5 a5 16. Bxf6 Bxf6 17. Nd5 cxd5 18. cxd5 Bxd5 19. Bxd5 Qa7 20. b5 a4 21. Qc4 g6 22. Kg2 Kg7 23. Qc7 Rd7 24. Qxa7 Rxa7 25. Rb1 Bd8 26. Rfc1 Bb6 27. Rc6 Bc5 28. Rxc5 dxc5 29. b6 Rd7 30. e4 f5 31. Rb5 Kf6 32. b7 fxe4 33. Bxe4 Rc7 34. Rb6+ Ke7 35. Ra6 c4 36. Ra8 Rbxb7 37. Bxb7 Rxb7 38. Rxa4 Rc7 39. Rb4 c3 40. Rb1 Kd6 41. Kf3 Kc5 42. Ke3 Kc4 43. Rb4+ Kd5 44. Rb1 Ra7 45. Rb3 Kc4 46. Rb4+ Kd5 47. Rb3 Rc7 48. Rb5+ Kc4 49. Rb4+ Kc5 50. Kd3 Kd5 51. Kc2 e4 52. a4 g5 53. a5 Ra7 54. Ra4 g4 55. Kxc3 h5 56. a6 Ke5 57. Ra5+ Kd6 58. Kd4 1-0